 Dungeon Crawl Stone Soup version 0.25-a0-632-g7713895373 (webtiles) character file.

Game seed: 3331834794333004887, levelgen mode: deterministic

4486 kae the Grappler (level 10, -1/79 HPs)
             Began as a Demonspawn Transmuter on Mar 19, 2020.
             Was a Priest of Wu Jian.
             Succumbed to a killer bee's poison
             ... on level 9 of the Dungeon.
             The game lasted 00:10:07 (11061 turns).

kae the Grappler (Demonspawn Transmuter)           Turns: 11061, Time: 00:10:08

Health: -1/79      AC:  2    Str: 12 (14) XL:     10   Next: 16%
Magic:  11/13      EV: 20    Int: 14 (15) God:    Wu Jian [***...]
Gold:   441        SH:  0    Dex: 22 (23) Spells: 2/13 levels left

rFire    . . .     SeeInvis .     - Unarmed
rCold    . . .     Gourm    .   (shield currently unavailable)
rNeg     . . .     Faith    .   (armour currently unavailable)
rPois    x         Spirit   .   (helmet currently unavailable)
rElec    .         Reflect  .   (cloak currently unavailable)
rCorr    .         Harm     .   (gloves currently unavailable)
MR       .....                  (boots currently unavailable)
Stlth    +++.......             (no amulet)
HPRegen  0.23/turn              h - +5 ring of dexterity
MPRegen  0.13/turn              (no ring)

@: mighty, lethally poisoned (-1 -> -42), spider-form (expiring), invisible
A: tiny, demonic guardian 1, nightstalker 1
a: End Transformation, Wall Jump, Serpent's Lash, Renounce Religion


You were on level 9 of the Dungeon.
You worshipped Wu Jian.
Wu Jian was most pleased with you.
You were not hungry.
You were a venomous arachnid creature.
You visited 2 branches of the dungeon, and saw 10 of its levels.

You collected 441 gold pieces.

Inventory:

Missiles
 a - 129 arrows
Armour
 e - a +0 helmet (melded)
 v - a cursed +1 leather armour (melded)
Jewellery
 h - a +5 ring of dexterity (left front leg)
Wands
 b - a wand of iceblast (26)
 g - a wand of random effects (10)
 i - a wand of paralysis (11)
 m - a wand of digging (5)
 r - a wand of enslavement (8)
 t - a wand of disintegration (17)
Scrolls
 k - 2 scrolls of enchant weapon
 n - a scroll of fear
 o - 2 scrolls of remove curse
 q - a scroll of teleportation
Potions
 c - 3 potions of stabbing
 f - 2 potions of haste
 l - 4 potions of degeneration
 p - 2 potions of flight
 s - a potion of might
 w - a potion of lignification {unknown}
Comestibles
 d - 16 rations


   Skills:
 + Level 7.4 Fighting
 - Level 1.7 Dodging
 * Level 10.0 Unarmed Combat
 - Level 2.0 Spellcasting
 + Level 7.0 Transmutations


You had 2 spell levels left.
You knew the following spells:

 Your Spells              Type           Power        Failure   Level  Hunger
a - Beastly Appendage     Tmut           ###...       6%          1    ##.....
b - Sticks to Snakes      Tmut           ###.....     8%          2    ###....
c - Spider Form           Tmut/Pois      ##........   36%         3    ####...
d - Blade Hands           Tmut           ###.......   58%         5    ######.

Your spell library contained the following spells:

 Spells                   Type           Power        Failure   Level  Hunger
 Animate Skeleton         Necr           N/A          45%         1    ##.....
 Apportation              Tloc           #.....       45%         1    ##.....
 Corona                   Hex            #......      45%         1    ##.....
 Magic Dart               Conj           #...         45%         1    ##.....
 Summon Small Mammal      Summ           #...         45%         1    ##.....
 Blink                    Tloc           N/A          56%         2    ###....
 Call Imp                 Summ           #.......     56%         2    ###....
 Slow                     Hex            #.......     56%         2    ###....
 Ice Form                 Ice/Tmut       ##......     71%         4    #####..
 Call Canine Familiar     Summ           #.......     77%         3    ####...
 Conjure Flame            Conj/Fire      #.......     77%         3    ####...
 Mephitic Cloud           Conj/Pois/Air  #.......     77%         3    ####...
 Summon Guardian Golem    Hex/Summ       #.......     77%         3    ####...
 Summon Ice Beast         Ice/Summ       #.......     98%         4    #####..
 Summon Lightning Spire   Summ/Air       #.......     98%         4    #####..


Dungeon Overview and Level Annotations

Branches:
Dungeon (9/15)             Temple (1/1) D:4
   Lair: D:8-11         Orc: D:9-12

Altars:
Ashenzari
Dithmenos
Elyvilon
Fedhas
Gozag
Hepliaklqana
Kikubaaqudgha
Makhleb
Nemelex Xobeh
Okawaru
Qazlal
Ru
Sif Muna
Uskayaw
Vehumet
Wu Jian
Xom
Yredelemnul
Zin
The Shining One

Shops:
D:5 :   D:6 (   D:8 =[[:*

Annotations:
D:8 2 transporters, 1 runed translucent door, olaf's ghost, novice VSEn


Innate Abilities, Weirdness & Mutations

((You have very sharp fingernails.))
((You are partially covered in icy blue scales. (AC +2)))
A weak demonic guardian rushes to your aid.
You are slightly more attuned to the shadows.


Message History

You hit the killer bee.
You kill the killer bee!
The Council accepts your kill.
* * * LOW HITPOINT WARNING * * *
You feel very sick.
There is a lethal amount of poison in your body!
* * * LOW HITPOINT WARNING * * *
You feel very sick.
It was a potion of degeneration.
There was something very wrong with that liquid.
You feel weakened.
You feel dopey.
You feel clumsy.
* * * LOW HITPOINT WARNING * * *
You feel very sick.
It was a potion of might.
You feel very mighty all of a sudden.
* * * LOW HITPOINT WARNING * * *
You feel very sick.
It was a potion of invisibility.
You fade into invisibility!
You die...

..#..##..
.......... ..
.........##.#
.........#...
y.y....#.....
..y..........
#†..# #.†.## ###
#s...#
###.####...#...
##...##.#.......
#......†....#...
#<.........###..
#####.........
###.....#..
#...### . #...#


There were no monsters in sight!

Vanquished Creatures
  Maggie (D:8)
  Prince Ribbit (D:7)
  3 hippogriffs
  Sigmund (D:3)
  A wyvern (D:8)
  Eustachio (D:5)
  A black bear (D:8)
  2 sky beasts (D:8)
  2 necrophages
  2 ice beasts (D:8)
  An ogre (D:6)
  A centaur (D:5)
  Blork the orc (D:5)
  7 bullfrogs
  A scorpion (D:6)
  6 killer bees
  A howler monkey (D:6)
  A centaur zombie (D:4)
  A hound (D:7)
  4 orc priests
  2 jellies
  Jessica (D:3)
  Terence (D:3)
  Natasha (thrice) (D:2)
  3 iguanas
  5 orc wizards
  2 worker ants
  3 hound skeletons
  3 hound zombies
  A howler monkey zombie (D:4)
  4 worker ant zombies
  7 gnolls (D:4)
  A howler monkey skeleton (D:7)
  9 adders
  2 shadow imps
  An ooze (D:4)
  3 adder skeletons
  7 worms
  4 dart slugs
  6 leopard geckos
  27 orcs
  9 giant cockroaches
  11 goblins
  8 hobgoblins
  9 jackals
  7 kobolds
  6 quokkas
  4 ball pythons
  4 bats
  A frilled lizard (D:2)
  2 jackal skeletons (D:4)
  A quokka zombie (D:4)
  2 rats
198 creatures vanquished.

Vanquished Creatures (collateral kills)
  Grinder (D:3)
  A hungry ghost (D:8)
  An orc warrior (D:6)
  A phantom (D:4)
  A gnoll (D:4)
  2 leopard geckos
  2 orcs (D:8)
9 creatures vanquished.

Grand Total: 207 creatures vanquished

Notes
Turn   | Place    | Note
-------+----------+-------------------------------------------
     0 | D:1      | kae the Demonspawn Transmuter began the quest for the Orb.
     0 | D:1      | Reached XP level 1. HP: 15/15 MP: 3/3
   238 | D:1      | Reached skill level 3 in Unarmed Combat
   238 | D:1      | Gained mutation: You are slightly more attuned to the
                  | shadows. [demonic ancestry]
   238 | D:1      | Reached XP level 2. HP: 20/21 MP: 3/5
  1007 | D:1      | Reached XP level 3. HP: 26/26 MP: 6/6
  1612 | D:2      | Noticed Natasha
  1621 | D:2      | Killed Natasha
  1646 | D:2      | Learned a level 2 spell: Sticks to Snakes
  1650 | D:2      | Learned a level 3 spell: Spider Form
  1682 | D:2      | Gained mutation: A weak demonic guardian rushes to your
                  | aid. [demonic ancestry]
  1682 | D:2      | Reached XP level 4. HP: 24/33 MP: 7/7
  2158 | D:2      | Noticed Natasha
  2167 | D:2      | Killed Natasha
  2167 | D:2      | Reached skill level 4 in Unarmed Combat
  2400 | D:2      | Noticed Natasha
  2416 | D:2      | Killed Natasha
  2416 | D:2      | Gained mutation: You have sharp fingernails. [demonic
                  | ancestry]
  2416 | D:2      | Reached XP level 5. HP: 2/39 MP: 4/8
  3269 | D:3      | Found a sparkling altar of Nemelex Xobeh.
  3285 | D:3      | Noticed Grinder
  3297 | D:3      | Paralysed by Grinder for 5 turns
  3299 | D:3      | Killed Grinder
  3299 | D:3      | Reached skill level 5 in Unarmed Combat
  3299 | D:3      | Reached XP level 6. HP: 7/47 MP: 5/9
  3713 | D:3      | Noticed Sigmund
  4036 | D:3      | Noticed Terence
  4046 | D:3      | Killed Terence
  4160 | D:3      | Noticed Jessica
  4174 | D:3      | Killed Jessica
  4320 | D:3      | Killed Sigmund
  4320 | D:3      | Gained mutation: You have very sharp fingernails. [demonic
                  | ancestry]
  4320 | D:3      | Reached XP level 7. HP: 53/53 MP: 3/10
  4345 | D:4      | Found an opulent altar of Gozag.
  4456 | D:4      | Found a staircase to the Ecumenical Temple.
  4480 | Temple   | Entered the Ecumenical Temple
  4587 | Temple   | Became a worshipper of the Wu Jian Council
  4601 | D:4      | Found a hide-covered altar of Uskayaw.
  5000 | D:4      | Reached skill level 6 in Unarmed Combat
  5393 | D:5      | Entered Level 5 of the Dungeon
  5718 | D:5      | Noticed a troll
  5749 | D:5      | Found a shattered altar of Ashenzari.
  5811 | D:5      | Reached * piety under Wu Jian
  5813 | D:5      | Gained mutation: You are partially covered in icy blue
                  | scales. (AC +2) [demonic ancestry]
  5813 | D:5      | Reached XP level 8. HP: 37/61 MP: 11/11
  6018 | D:5      | Found a sacrificial altar of Ru.
  6173 | D:5      | Found Yrayran's Book Shoppe.
  6298 | D:5      | Noticed Eustachio
  6309 | D:5      | Killed Eustachio
  6520 | D:5      | Found a white marble altar of Elyvilon.
  6630 | D:5      | Noticed Blork the orc
  6638 | D:5      | Killed Blork the orc
  6638 | D:5      | Reached skill level 7 in Unarmed Combat
  6963 | D:6      | Found a sacrificial altar of Ru.
  7037 | D:6      | Reached skill level 5 in Fighting
  7060 | D:6      | Reached skill level 5 in Transmutations
  7924 | D:6      | Found Doxenis's Weapon Boutique.
  8096 | D:7      | Noticed a hippogriff
  8102 | D:7      | Killed a hippogriff
  8102 | D:7      | Reached skill level 8 in Unarmed Combat
  8214 | D:7      | Found a glowing golden altar of the Shining One.
  8430 | D:7      | Reached XP level 9. HP: 12/68 MP: 12/12
  8818 | D:7      | Reached ** piety under Wu Jian
  9146 | D:7      | Found an ancient bone altar of Kikubaaqudgha.
  9147 | D:7      | Found a glowing silver altar of Zin.
  9195 | D:7      | Found a hazy altar of Hepliaklqana.
  9327 | D:7      | Noticed Prince Ribbit
  9338 | D:7      | Killed Prince Ribbit
  9479 | D:8      | Reached skill level 9 in Unarmed Combat
  9695 | D:8      | Found Xeamalao's Antique Armour Shoppe.
  9697 | D:8      | Found Ishrih's Armour Shoppe.
  9701 | D:8      | Found Qoatygh's Jewellery Shop.
  9707 | D:8      | Noticed Maggie
  9733 | D:8      | Killed Maggie
 10145 | D:8      | Noticed olaf's ghost (novice VSEn)
 10151 | D:8      | Noticed a queen bee
 10153 | D:8      | Found a transporter.
 10156 | D:8      | Found a transporter.
 10183 | D:8      | Reached XP level 10. HP: 71/79 MP: 9/13
 10206 | D:8      | Found Lerphao Rain's Book Shoppe.
 10214 | D:8      | Found Guacsearch's Assorted Antiques.
 10255 | D:8      | Reached *** piety under Wu Jian
 10460 | D:8      | Learned a level 5 spell: Blade Hands
 10842 | D:8      | Found a runed translucent door.
 10842 | D:8      | Noticed a centaur warrior
 10842 | D:8      | Noticed a harpy
 10844 | D:8      | Noticed a centaur warrior
 10844 | D:8      | Noticed a deep troll
 10844 | D:8      | Noticed a four-headed hydra
 10844 | D:8      | Noticed a fire giant
 10844 | D:8      | Noticed a centaur warrior
 10845 | D:8      | Found the +12 glaive of Prune {vorpal}
 10874 | D:8      | Reached skill level 10 in Unarmed Combat
 11060 | D:9      | HP: 3/79 [poisoned by a killer bee]
 11061 | D:9      | Succumbed to a killer bee's poison

Levels and vault maps discovered:
D:1:      denvon_arrival_waterhouse, layout_basic
D:2:      layout_loops_ring, uniq_natasha
D:3:      layout_loops_ring, nemelex_xobeh_ov_fountains_minmay,
          lemuel_statue_altar, uniq_sigmund, uniq_jessica, uniq_terence,
          uniq_grinder
D:4:      layout_gridville, eat_drink_and_be_merry_uskayaw,
          nicolae_overflow_hidden_temple, minmay_temple_entry_offerings,
          first_ration, serial_undead, serial_undead_c, serial_undead_b,
          serial_undead_e, serial_undead_e
D:5:      layout_layer_cave, kennysheep_mini_moat, ashenzari_altar_1,
          nicolae_ru_great_annihilating_truth, serial_shops,
          nicolae_shop_crystal, lightli_corner_chamber, uniq_eustachio,
          uniq_crazy_yiuf_cottage, uniq_blork_the_orc
D:6:      layout_basic, basic_altar, serial_shops, shop
D:7:      layout_layer_cave, chequers_temple_overflow_statue_of_worship,
          old_standard_altar, overflow_temple_1_default, uniq_prince_ribbit1
D:8:      minmay_gate_of_8, layout_basic, gammafunk_ghost_hive, serial_shops,
          shop, shop, shop, shop, shop, uniq_maggie
D:9:      layout_cave_pools, lemuel_crystal_altar, slow_altar_2,
          serial_gnoll_camp, gnoll_camp_mini_sergeant, gnoll_camp_mini_doghouse,
          gnoll_camp_mini_shop, gnoll_camp_huts_basic, uniq_maurice
Temple:   eino_temple_lava

Skill      XL: |  1  2  3  4  5  6  7  8  9 10 |
---------------+-------------------------------+-----
Unarmed Combat | 3 4 5 6 8 9 10 | 10.0
Transmutations | 2 3 4 5 6 7 |  7.0
Fighting       | 2 3 4 5 7 |  7.4
Dodging        | |  1.7
Spellcasting   | |  2.0

Action                   |  1- 3 |  4- 6 |  7- 9 | 10-12 || total
-------------------------+-------+-------+-------+-------++-------
Melee: Unarmed           |    95 |   164 |   377 |    79 ||   715
       Kick              |    10 |    22 |    36 |     3 ||    71
       Punch             |       |     1 |    10 |     4 ||    15
 Cast: Beastly Appendage |    12 |    19 |    18 |     2 ||    51
       Spider Form       |       |     4 |    10 |     1 ||    15
       Sticks to Snakes  |       |     1 |     1 |       ||     2
Invok: Lunge             |       |       |    29 |     4 ||    33
       Whirlwind         |       |       |     5 |     1 ||     6
  Use: Scroll            |     5 |     4 |     4 |     1 ||    14
       Potion            |       |     1 |     4 |     3 ||     8
 Stab: Sleeping          |     5 |     7 |    11 |     1 ||    24
       Distracted        |       |       |     1 |       ||     1
  Eat: Chunk             |     1 |    11 |    20 |     2 ||    34
       Ration            |       |       |     1 |       ||     1
Armor: Robe              |    22 |    18 |    19 |       ||    59
       Leather armour    |       |       |    43 |    14 ||    57
       Skin              |       |       |     2 |       ||     2
Dodge: Dodged            |    79 |    77 |   197 |    44 ||   397

Table legend:
 A = Non-vault XP
 B = Vault XP
 C = Vault XP percentage of total XP
 D = Non-vault monster count
 E = Vault monster count
 F = Vault count percentage of total count
                 A         B        C        D         E       F
            +---------+---------+-------+---------+---------+-------
      Total |    4762 |    1647 |  25.7 |     186 |      21 |  10.1
            +---------+---------+-------+---------+---------+-------
        D:1 |      53 |       0 |   0.0 |      28 |       0 |   0.0
        D:2 |     141 |      35 |  19.9 |      20 |       1 |   4.8
        D:3 |     118 |     481 |  80.3 |      24 |       4 |  14.3
        D:4 |     310 |     126 |  28.9 |      23 |       8 |  25.8
        D:5 |     204 |     342 |  62.6 |      11 |       6 |  35.3
        D:6 |     666 |       0 |   0.0 |      18 |       0 |   0.0
        D:7 |     994 |     268 |  21.2 |      18 |       1 |   5.3
        D:8 |    2000 |     395 |  16.5 |      39 |       1 |   2.5
        D:9 |     276 |       0 |   0.0 |       5 |       0 |   0.0
            +---------+---------+-------+---------+---------+-------
